AoeStats
← a.l.a.n.t

Arena

504831541Analyzed
4v4 RM · 26d ago on Sep 6, 2026· 53m 41s· 8 players
Game mode
Random Map
Map size
Large (8 player)
Population
200
Speed
Normal
Resources
Standard
Victory
Conquest
Starting age
Dark Age
Ending age
Imperial Age
RankedLock teamsTeams togetherTeam positionsShared explorationLock speedFull tech treeHidden civsTurbo modeCheats
Victory
Defeat
🇦🇪 Franks · United Arab Emirates
1332
+13
🇲🇽 Magyars · Mexico
1310
+14
🇨🇱 Bohemians · Chile
1281
+15
🇬🇧 Malay · United Kingdom
1254
+16
🇺🇸 Spanish · United States
1334
-17
🇮🇪 Lithuanians · Ireland
1315
-17
🇮🇪 Bengalis · Ireland
1259
-14
🇬🇧 Cumans · United Kingdom
1138
-10
Thanos_Car
10:27 Feudal Age
12:13 Loom
15:13 Castle Age
13:45 Double-Bit Axe
14:23 Horse Collar
17:04 Fervor
18:50 Bow Saw
20:02 Sanctity
20:38 Wheelbarrow
20:56 Town Watch
22:21 Heavy Plow
25:21 Hand Cart
28:06 Pikeman
41:46 Squires
41:32 Arson
47:28 Imperial Age
45:26 Forging
45:16 Scale Mail Armor
45:26 Forging
45:18 Padded Archer Armor
47:05 Chemistry
46:26 Ballistics
46:50 Iron Casting
46:56 Treadmill Crane
47:28 Masonry
48:52 Chain Mail Armor
48:16 Halberdier
50:34 Conscription
52:24 Plate Mail Armor
52:54 Blast Furnace
52:10 Leather Archer Armor
51:44 Houfnice
Clearly
12:50 Feudal Age
16:23 Castle Age
14:32 Horse Collar
14:41 Double-Bit Axe
18:40 Loom
25:01 Fletching
25:47 Bow Saw
26:50 Wheelbarrow
27:39 Bodkin Arrow
29:52 Ballistics
29:48 Thumb Ring
31:14 Hand Cart
31:15 Padded Archer Armor
31:08 Gold Mining
31:08 Stone Mining
34:07 Leather Archer Armor
34:48 Gold Shaft Mining
34:16 Heavy Plow
42:29 Imperial Age
42:35 Imperial Age
42:19 Corvinian Army
44:20 Parthian Tactics
43:17 Heavy Cavalry Archer
45:00 Chemistry
44:22 Conscription
44:35 Elite Magyar Huszar
45:18 Recurve Bow
46:40 Bracer
47:11 Ring Archer Armor
47:16 Elite Magyar Huszar
52:07 Scale Barding Armor
53:34 Chain Barding Armor
a.l.a.n.t
12:06 Feudal Age
14:53 Castle Age
13:21 Double-Bit Axe
13:25 Horse Collar
15:40 Bow Saw
22:02 Loom
24:12 Heavy Plow
25:05 Forging
25:01 Light Cavalry
27:40 Husbandry
35:53 Imperial Age
33:59 Wheelbarrow
35:04 Devotion
35:04 Elite Battle Elephant
36:42 Scale Barding Armor
36:58 Town Watch
37:55 Iron Casting
44:35 Fletching
44:46 Padded Archer Armor
45:16 Crossbowman
46:19 Bodkin Arrow
46:40 Leather Archer Armor
47:01 Arbalester
47:47 Thumb Ring
48:06 Ballistics
48:46 Chemistry
47:55 Bracer
50:41 Elite Skirmisher
53:02 Caravan
Abadengo
10:00 Feudal Age
14:01 Castle Age
12:15 Double-Bit Axe
15:16 Wheelbarrow
18:32 Loom
21:12 Bow Saw
22:40 Gold Mining
24:09 Gold Shaft Mining
23:27 Stone Mining
24:27 Hand Cart
25:50 Town Watch
29:18 Imperial Age
27:23 Fortified Wall
28:16 Town Patrol
29:20 Scale Barding Armor
29:27 Forging
29:29 Husbandry
30:15 Chivalry
29:50 Cavalier
29:57 Cavalier
31:32 Chain Barding Armor
31:47 Iron Casting
31:45 Conscription
31:05 Paladin
31:33 Light Cavalry
32:33 Paladin
35:40 Plate Barding Armor
37:09 Fletching
38:21 Blast Furnace
39:04 Pikeman
39:46 Scale Mail Armor
40:34 Squires
40:51 Chain Mail Armor
43:32 Halberdier
45:36 Arson
48:51 Plate Mail Armor
48:53 Coinage
49:37 Banking
Great King Pat
9:51 Feudal Age
13:46 Castle Age
12:19 Double-Bit Axe
12:56 Horse Collar
15:45 Bow Saw
22:14 Gold Mining
23:14 Bloodlines
26:21 Husbandry
30:10 Imperial Age
29:01 Heavy Plow
30:55 Padded Archer Armor
31:20 Conscription
38:08 Fletching
38:33 Leather Archer Armor
42:05 Ring Archer Armor
45:35 Elite Conquistador
46:57 Loom
47:49 Wheelbarrow
47:01 Town Watch
LGee
10:49 Feudal Age
13:26 Scale Mail Armor
14:29 Man-at-Arms
15:22 Forging
17:01 Loom
24:30 Castle Age
25:00 Gold Mining
25:11 Long Swordsman
26:26 Capped Ram
32:21 Double-Bit Axe
35:15 Imperial Age
35:52 Two-Handed Swordsman
37:44 Chain Mail Armor
38:07 Pikeman
39:43 Plate Mail Armor
43:50 Iron Casting
45:20 Squires
45:33 Halberdier
47:26 Gold Shaft Mining
48:57 Bow Saw
53:49 Wheelbarrow
Big_Dog_Brah
10:35 Feudal Age
14:28 Castle Age
12:39 Double-Bit Axe
14:37 Horse Collar
15:57 Scale Barding Armor
16:51 Bow Saw
19:13 Bloodlines
20:13 Town Watch
21:03 Chain Barding Armor
22:42 Heavy Plow
24:14 Forging
24:21 Heavy Plow
27:06 Husbandry
36:18 Gold Mining
37:45 Wheelbarrow
40:07 Imperial Age
38:34 Iron Casting
42:23 Plate Barding Armor
41:29 Cavalier
43:55 Paladin
44:52 Loom
bouldbadger
5:19 Loom
10:48 Feudal Age
14:52 Castle Age
12:47 Double-Bit Axe
13:20 Horse Collar
14:52 Gold Mining
16:50 Sanctity
18:43 Redemption
20:13 Bow Saw
22:44 Fervor
25:33 Gold Shaft Mining
24:49 Stone Mining
34:27 Imperial Age
31:43 Town Watch
32:33 Wheelbarrow
32:54 Heavy Plow
35:11 Heavy Scorpion
36:32 Ballistics
38:14 Block Printing
38:25 Illumination
39:14 Pikeman
39:52 Fletching
40:58 Fortified Wall
40:46 Murder Holes
46:57 Scale Mail Armor
Connection lost

Rejoining the realm…

Still unreachable

The connection could not be restored.

Session expired

The server has moved on; the page needs a fresh start.